 Dungeon Crawl Stone Soup version 0.18-a0-917-g8a3da5b (webtiles) character file.

138 sugabear the Cudgeler (level 5, -3/27 HPs)
             Began as a Vine Stalker Gladiator on Dec 26, 2015.
             Slain by an orc warrior
             ... wielding a +0 war axe
              (5 damage)
             ... on level 3 of the Dungeon.
             The game lasted 00:02:33 (1655 turns).

sugabear the Cudgeler (Vine Stalker Gladiator)      Turns: 1655, Time: 00:02:35

Health: -3/27      AC:  5    Str: 19    XL:     5   Next: 21%
Magic:  0/6        EV: 13    Int:  8    God:
Gold:   102        SH:  0    Dex: 14    Spells: 0 memorised, 4 levels left

rFire  . . .     SeeInvis .     a - +0 flail
rCold  . . .     Gourm    .     b - +0 leather armour
rNeg   . . .     Faith    .     (no shield)
rPois  .         Spirit   +     c - +0 helmet
rElec  .         Dismiss  .     (no cloak)
rCorr  .         Reflect  .     e - +0 pair of gloves (curse)
SustAt .         Harm     .     (no boots)
MR     .....                    (no amulet)
Stlth  +.........               (no ring)
                                (no ring)

@: not resistant to hostile enchantments, very unstealthy
A: fangs 2, regeneration 1, magic shield, antimagic bite, no device heal 3, rot
immunity
a: no special abilities


You were on level 3 of the Dungeon.
You were hungry.

You visited 1 branch of the dungeon, and saw 3 of its levels.

You collected 102 gold pieces.

Inventory:

Hand Weapons
 a - a +0 flail (weapon)
Missiles
 d - a throwing net (quivered)
Armour
 b - a +0 leather armour (worn)
 c - a +0 helmet (worn)
 e - a cursed +0 pair of gloves (worn)
 n - a +2 chain mail of fire resistance
Scrolls
 g - a scroll of teleportation {unknown}
 j - a scroll of enchant weapon {unknown}
 l - 2 scrolls of remove curse {unknown}
 m - 2 scrolls of immolation {unknown}
 p - a scroll of identify {unknown}
 q - a scroll of recharging {unknown}
Potions
 h - a potion of degeneration {unknown}
 i - 2 potions of lignification {unknown}
 o - a potion of cancellation {unknown}
 r - a potion of curing {unknown}
Comestibles
 f - a bread ration
 k - 2 meat rations


   Skills:
 + Level 2.3 Fighting
 + Level 3.5 Maces & Flails
 + Level 1.8 Throwing
 + Level 1.2 Armour
 + Level 3.5 Dodging
 + Level 1.0 Stealth


You had 4 spell levels left.
You didn't know any spells.

Dungeon Overview and Level Annotations

Branches:
Dungeon (3/15)

Altars:


Innate Abilities, Weirdness & Mutations

You have extremely sharp teeth.
Your natural rate of healing is unusually fast.
When hurt, damage is shared between your health and your magic reserves.
Your bite disrupts and absorbs the magic of your enemies.
Potions and wands cannot restore your health.
You are immune to rotting.


Message History

You hit the orc warrior.
You bite the orc warrior, but do no damage.
The orc warrior is moderately wounded.
The orc warrior struggles to escape the net.
You hit the orc warrior but do no damage.
The orc warrior is moderately wounded.
The orc warrior struggles against the net.
The net rips apart, and the orc warrior comes free!
The orc warrior hits you with a war axe.
You hit the orc warrior but do no damage.
You bite the orc warrior. You drain its power.
You feel invigorated.
The orc warrior is moderately wounded.
The orc warrior misses you.
You closely miss the orc warrior.
The orc warrior is moderately wounded.
The orc priest mumbles some strange prayers to Beogh against you.
Something smites you!
* * * LOW HITPOINT WARNING * * *
The orc warrior hits you with a war axe.
You die...

......#..##.#.##...####
#######..##.#.##...# ##
#..##.#.##...#
.######.......##...#
.........<#.#.##...#
..######..#.#.##...#
#.######..#.#.##...#
..............######.#.#
#..####......##.@ooo...#
##.## #...#..##.###o...#
##..# #...#).##.# ..#
.##.###...#..##.# .
.......(..#..##.#
..#.###..#......#
..#.###..#..###.......
..#..##..#..####......
..#..##..#..##........


You could see an orc warrior, an orc priest and 2 orcs.

Vanquished Creatures
  Jessica (D:2)
  Terence (D:2)
  2 adders
  An ooze (D:3)
  A worm (D:2)
  A giant gecko (D:1)
  5 orcs (D:3)
  7 bats
  2 giant cockroaches
  6 goblins
  8 hobgoblins
  4 jackals (D:1)
  5 kobolds
  2 giant newts
  7 rats
53 creatures vanquished.

Notes
Turn   | Place    | Note
--------------------------------------------------------------
     0 | D:1      | sugabear the Vine Stalker Gladiator began the quest for the Orb.
     0 | D:1      | Reached XP level 1. HP: 11/11 MP: 2/2
   123 | D:1      | Reached skill level 3 in Maces & Flails
   123 | D:1      | Reached XP level 2. HP: 13/15 MP: 3/3
   479 | D:1      | Reached XP level 3. HP: 18/18 MP: 4/4
   762 | D:2      | Noticed Jessica
   772 | D:2      | Killed Jessica
   772 | D:2      | Reached XP level 4. HP: 23/23 MP: 5/5
   902 | D:2      | Noticed Terence
   916 | D:2      | Killed Terence
   916 | D:2      | Reached skill level 1 in Armour
  1189 | D:2      | Reached skill level 1 in Stealth
  1225 | D:3      | Reached XP level 5. HP: 10/26 MP: 6/6
  1634 | D:3      | Noticed an orc warrior
  1655 | D:3      | Slain by an orc warrior

Vault maps used:
D:1:      dpeg_arrival_lava_altar
D:2:      lightli_corner_chamber, uniq_jessica, uniq_terence

Action                   |  1- 3 |  4- 6 || total
-------------------------+-------+-------++-------
Melee: Flail             |    82 |    92 ||   174
Throw: Throwing net      |       |     2 ||     2
 Stab: Sleeping          |     2 |     1 ||     3
       Held in net/web   |       |     1 ||     1
  Eat: Chunk             |       |     2 ||     2
